 Dungeon Crawl Stone Soup version 0.32-a0-5-gbffa963729 (webtiles) character file.

Game seed: 4260378276432945970

772 Inarius the Chopper (level 7, -3/48 HPs)
             Began as an Octopode Fighter on Jan 13, 2024.
             Slain by an ice beast (6 damage)
             ... on level 5 of the Dungeon.
             The game lasted 00:04:29 (3443 turns).

Inarius the Chopper (Octopode Fighter)              Turns: 3443, Time: 00:04:30

Health: -3/48      AC:  1    Str: 18    XL:     7   Next: 83%
Magic:  7/7        EV: 12    Int: 10    God:
Gold:   161        SH:  8    Dex: 11    Spells: 6/6 levels left

rFire   . . .        a - +0 war axe
rCold   + . .        g - +0 kite shield
rNeg    . . .        (helmet restricted)
rPois   .            (no amulet)
rElec   .            j - ring of see invisible
rCorr   .            m - ring of protection from cold
SInv    +            (no ring)
Will    .....        (no ring)
Stlth   ++++         (no ring)
HPRegen 0.28/turn    (no ring)
MPRegen 0.10/turn    (no ring)
                     (no ring)

%: no passive effects
@: no status effects
A: almost no armour, amphibious, 8 rings, camouflage 1, gelatinous body 1,
(nimble swimmer 1), tentacles
a: no special abilities


You were on level 5 of the Dungeon.
You visited 1 branch of the dungeon, and saw 5 of its levels.

You collected 161 gold pieces.

Inventory:

Hand Weapons
 a - a +0 war axe (weapon)
Armour
 g - a +0 kite shield (worn)
 o - a +0 tower shield
Jewellery
 j - a ring of see invisible (left tentacle)
 m - a ring of protection from cold (right tentacle)
Scrolls
 d - a scroll of fog {unknown}
 k - a scroll of blinking {unknown}
 p - a scroll of identify
Potions
 b - a potion of ambrosia {unknown}
 c - 2 potions of might
 e - a potion of cancellation {unknown}
 f - 2 potions of haste
 h - a potion of magic
 i - a potion of berserk rage {unknown}
 l - 2 potions of curing {unknown}
 n - a potion of mutation {unknown}


   Skills:
 + Level 4.2 Fighting
 + Level 5.8 Axes
 + Level 4.0 Dodging
 + Level 5.4 Stealth
 + Level 4.0 Shields


You had 6 spell levels left.
You didn't know any spells.
Your spell library contained the following spells:

 Spells                   Type           Power      Damage    Failure   Level
 Kiss of Death            Conj/Necr      0%         2d5       69%         1
 Magic Dart               Conj           0%         1d3       69%         1
 Jinxbite                 Hex            0%         N/A       83%         2
 Searing Ray              Conj           0%         2d4       83%         2
 Confusing Touch          Hex            0%         N/A       96%         3
 Dispel Undead            Necr           0%         3d6       100%        4
 Fulminant Prism          Conj/Alch      0%         3d5       100%        4
 Yara's Violent Unravell  Hex/Alch       0%         3d3       100%        5
 Enfeeble                 Hex            0%         N/A       100%        7


Dungeon Overview and Level Annotations

Branches:
Dungeon (5/15)
 Temple: D:4-7

Altars:

Shops:
D:1 :

Annotations:
D:4 Edmund


Innate Abilities, Weirdness & Mutations

You cannot wear most types of armour.
You are amphibious.
You can wear up to eight rings at the same time.
Your skin changes colour to match your surroundings (Stealth+).
Your rubbery body absorbs attacks. (AC +1, EV +1)
((You are camouflaged when in or above water. (Stealth+)))
You have tentacles for arms and can constrict up to eight enemies at once.


Message History

You are too injured to fight recklessly!
You closely miss the ice beast.
The ice beast is heavily wounded.
You hit the adder.
A bombardier beetle comes into view.
The ice beast closely misses you. The adder barely misses you.
Unknown command.
You barely miss the ice beast. You squeeze the ice beast!
The ice beast is severely wounded.
You closely miss the adder. You block the adder's attack.
The ice beast hits you. The ice beast freezes you. You resist.
The adder barely misses you. The ice beast barely misses you.
Unknown command.
You closely miss the ice beast.
The ice beast is severely wounded.
You slash the adder!
You kill the adder!
The ice beast hits you. The ice beast freezes you. You resist.
* * * LOW HITPOINT WARNING * * *
Your Dodging skill increases to level 4!
You closely miss the ice beast. Your squeeze misses the ice beast.
The ice beast is severely wounded.
The ice beast hits you.
* * * LOW HITPOINT WARNING * * *
The ice beast freezes you. You resist.
* * * LOW HITPOINT WARNING * * *
Unknown command.
You completely miss the ice beast.
You squeeze the ice beast, but do no damage.
The ice beast is severely wounded.
The ice beast misses you.
An adder comes into view.
You block the ice beast's attack.
Unknown command.
You closely miss the ice beast.
The ice beast is severely wounded.
The ice beast hits you.
* * * LOW HITPOINT WARNING * * *
The ice beast freezes you. You resist.
You die...

!...#######
..........#
..........#
......[...#
#.........#
#S........#
#.....†...#
....B.Y@..#
.....###.##
.. ...
###.####.##
.
+.........#
###>..###.#
#.#...#
#.#.#.#
#.#.#.# #.#
# #


You could see an ice beast, a bombardier beetle and an adder (wandering).

Vanquished Creatures
  Grinder (D:4)
  An ogre (D:4)
  Blork the orc (D:4)
  A howler monkey (D:5)
  3 hounds (D:4)
  An orc priest (D:3)
  Crazy Yiuf (D:4)
  An iguana (D:4)
  An orc wizard (D:3)
  3 gnolls (D:4)
  7 adders
  2 ribbon worms
  5 dart slugs
  8 orcs
  6 endoplasms
  3 giant cockroaches
  6 goblins
  6 hobgoblins
  3 jackals (D:1)
  5 kobolds
  3 quokkas
  6 ball pythons
  8 bats
  3 frilled lizards
  6 rats
91 creatures vanquished.

Notes
Turn   | Place    | Note
-------+----------+-------------------------------------------
     0 | D:1      | Inarius the Octopode Fighter began the quest for the Orb.
     0 | D:1      | Reached XP level 1. HP: 16/16 MP: 1/1
    87 | D:1      | Reached XP level 2. HP: 21/21 MP: 2/2
   384 | D:1      | Found Duluk's Book Emporium.
   395 | D:1      | Reached XP level 3. HP: 26/26 MP: 3/3
  1002 | D:2      | Reached XP level 4. HP: 31/31 MP: 4/4
  1438 | D:3      | Reached skill level 1 in Stealth
  1813 | D:3      | Reached XP level 5. HP: 21/36 MP: 5/5
  2449 | D:4      | Reached XP level 6. HP: 43/43 MP: 6/6
  2720 | D:4      | Noticed Grinder
  2727 | D:4      | Paralysed by Grinder for 5 turns
  2754 | D:4      | Killed Grinder
  2755 | D:4      | Reached skill level 5 in Axes
  2755 | D:4      | Reached XP level 7. HP: 11/48 MP: 7/7
  3003 | D:4      | Found a runed translucent door.
  3004 | D:4      | Noticed Crazy Yiuf
  3011 | D:4      | Killed Crazy Yiuf
  3313 | D:4      | Noticed Blork the orc
  3317 | D:4      | Killed Blork the orc
  3318 | D:4      | Reached skill level 5 in Stealth
  3334 | D:4      | Noticed Edmund
  3399 | D:5      | Entered Level 5 of the Dungeon
  3443 | D:5      | Slain by an ice beast

Illustrated notes

Levels and vault maps discovered:
D:1:      minmay_arrival_doors, layout_rooms, serial_shops, shop,
          nicolae_concentric_dashed_squares_mild, amcnicky_mini_corridor_feature
D:2:      layout_basic
D:3:      layout_basic
D:4:      layout_basic, uniq_grinder, uniq_edmund, uniq_blork_the_orc,
          uniq_crazy_yiuf_cottage
D:5:      layout_basic, minmay_temple_entry_tees

Skill      XL: |  1  2  3  4  5  6  7 |
---------------+----------------------+-----
Axes           | 3 4 5 |  5.8
Stealth        | 1 3 4 5 |  5.4
Fighting       | 4 |  4.2
Shields        | 4 |  4.0
Dodging        | 4 |  4.0

Action                     |  1- 3 |  4- 6 |  7- 9 || total
---------------------------+-------+-------+-------++-------
  Melee: War axe           |    65 |    84 |    41 ||   190
         Constrict         |    14 |    24 |     8 ||    46
         Tentacles         |     5 |    16 |    10 ||    31
         Punch             |       |     1 |       ||     1
    Use: Scroll            |       |     3 |       ||     3
         Potion            |       |     2 |       ||     2
   Stab: Sleeping          |     4 |     9 |     2 ||    15
         Distracted        |       |     2 |     2 ||     4
 Armour: Skin              |    27 |    38 |    18 ||    83
  Dodge: Dodged            |    47 |    40 |    25 ||   112
  Block: Buckler           |     4 |       |       ||     4
         Kite shield       |    12 |    31 |    23 ||    66

Table legend: (Time is in decaauts)
 A = Elapsed time spent in this place.
 B = Non-inter-level travel time spent in this place.
 C = Inter-level travel time spent in this place.
 D = Time resting spent in this place.
 E = Time spent auto-exploring this place.
 F = Levels seen in this place.
 G = Mean time per level.
                   A        B        C        D        E       F      G
               +--------+--------+--------+--------+--------+-----+--------+
         Total |   3528 |   3410 |    118 |    676 |   1908 |   5 |  705.6 |
       Dungeon |   3528 |   3410 |    118 |    676 |   1908 |   5 |  705.6 |
               +--------+--------+--------+--------+--------+-----+--------+

Top non-repeatable levels by time:
     D:4: 997 daAuts
     D:3: 968 daAuts
     D:2: 935 daAuts
     D:1: 578 daAuts
     D:5: 48 daAuts
